 Dungeon Crawl Stone Soup version 0.26.0-10-g1f06aea511 (webtiles) character file.

Game seed: 5125503477189541749

1695 Amaterasu the Chopper (level 9, -4/82 HPs)
             Began as a Gargoyle Fighter on Jan 30, 2021.
             Was a Follower of Uskayaw.
             Slain by an orc warrior
             ... wielding a +0 glaive
              (17 damage)
             ... on level 6 of the Dungeon.
             The game lasted 00:08:49 (4738 turns).

Amaterasu the Chopper (Gargoyle Fighter)            Turns: 4738, Time: 00:08:49

Health: -4/82      AC: 24    Str: 23    XL:     9   Next: 3%
Magic:  12/12      EV:  2    Int:  9    God:    Uskayaw [*.....]
Gold:   229        SH: 15    Dex:  9    Spells: 8/8 levels left

rFire    . . .     SeeInvis .   a - +1 war axe
rCold    . . .     Faith    .   t - +0 tower shield (curse)
rNeg     + + +     Spirit   .   (armour currently unavailable)
rPois    ∞         Reflect  .   (helmet currently unavailable)
rElec    .         Harm     .   (cloak currently unavailable)
rCorr    .         Rampage  .   (gloves currently unavailable)
Will     .....     NoTele   +   (boots currently unavailable)
Stlth    +.........             k - amulet of regeneration
HPRegen  0.63/turn              (no ring)
MPRegen  0.13/turn              (no ring)

@: tree-form
A: negative energy resistance 1, petrification resistance, miasma immunity, AC
+6
a: Renounce Religion, Stomp


You were on level 6 of the Dungeon.
You worshipped Uskayaw.
Uskayaw was noncommittal.
You were a tree.
You visited 1 branch of the dungeon, and saw 6 of its levels.
You also visited: Sewer and Ossuary.

You collected 229 gold pieces.

Inventory:

Hand Weapons
 a - a +1 war axe (weapon)
Armour
 c - a cursed +0 cloak (melded)
 t - a cursed +0 tower shield (worn)
 u - a +0 plate armour (melded)
Jewellery
 g - an uncursed ring of wizardry
 k - an amulet of regeneration (around neck)
Scrolls
 f - 9 scrolls of teleportation
 l - 6 scrolls of remove curse
Potions
 d - 4 potions of might
 e - a potion of magic
 h - 2 potions of curing
 i - a potion of berserk rage
 j - 6 potions of lignification
 m - 2 potions of ambrosia
 n - 2 potions of flight
 o - a potion of attraction {unknown}
 q - a potion of cancellation {unknown}
 r - a potion of brilliance {unknown}


   Skills:
 * Level 6.0 Fighting
 * Level 7.1 Axes
 - Level 5.0 Armour
 - Level 5.0 Shields
 * Level 5.0 Invocations


You had 8 spell levels left.
You didn't know any spells.
Your spell library contained the following spells:

 Spells                   Type           Power        Failure   Level
 Sandblast                Erth           0%           99%         1
 Summon Small Mammal      Summ           0%           99%         1
 Call Imp                 Summ           0%           100%        2
 Passwall                 Tmut/Erth      0%           100%        2
 Call Canine Familiar     Summ           0%           100%        3
 Stone Arrow              Conj/Erth      0%           100%        3
 Summon Guardian Golem    Hex/Summ       0%           100%        3
 Petrify                  Tmut/Erth      0%           100%        4
 Summon Ice Beast         Ice/Summ       0%           100%        4
 Summon Lightning Spire   Summ/Air       0%           100%        4
 Lee's Rapid Deconstruct  Erth           0%           100%        5


Dungeon Overview and Level Annotations

Branches:
Dungeon (6/15)             Temple (0/1) D:5           Sewer (visited)
Ossuary (visited)

Altars:
Ashenzari
Cheibriados
Dithmenos
Qazlal
Ru
Trog
Uskayaw
Xom
Zin


Innate Abilities, Weirdness & Mutations

You are resistant to torment.
((Your stone body is resilient. (AC +6)))
You are immune to poison.
You resist negative energy. (rN+)
((You are resistant to electric shocks. (rElec)))
((You can survive without breathing.))
You are immune to petrification.
You are immune to miasma.


Message History

The orc warrior hits you but does no damage.
You closely miss the orc warrior.
The orc warrior is lightly wounded.
The leopard gecko hisses angrily.
The orc warrior hits you but does no damage.
You closely miss the orc warrior.
The orc warrior is lightly wounded.
The orc warrior hits you with a +0 glaive!
* * * LOW HITPOINT WARNING * * *
You closely miss the orc warrior.
The orc warrior is lightly wounded.
You block the orc warrior's attack.
You hit the orc warrior but do no damage.
The orc warrior is lightly wounded.
You block the orc warrior's attack. You block the leopard gecko's attack.
You hit the orc warrior but do no damage.
The orc warrior is lightly wounded.
You barely miss the leopard gecko. You block the leopard gecko's attack.
The orc warrior hits you with a +0 glaive!
You die...

##...###..........
##.................
##..................
#...................
#...............<..
#...............#
#..........l....#
#.....<.....♣o..#
##.........)).#.#
##..........##
########.### #..#
##..# #... ##.


You could see an orc warrior and a leopard gecko.

Vanquished Creatures
  Sigmund (D:5)
  A water moccasin (Sewer)
  3 phantoms (D:5)
  3 elf zombies (Ossuary)
  A scorpion (D:4)
  3 centaur zombies (Ossuary)
  2 bullfrog zombies (D:5)
  2 orc priests
  A centaur skeleton (D:4)
  2 hounds
  3 orc wizards
  Jessica (D:2)
  6 human zombies (Ossuary)
  An iguana (D:4)
  A worker ant (D:4)
  3 mummies (Ossuary)
  3 gnolls (D:5)
  9 adders
  A river rat (D:3)
  An ufetubus (D:4)
  3 worms
  An adder skeleton (D:4)
  An adder zombie (D:5)
  A dart slug (D:2)
  5 leopard geckos
  13 orcs
  17 bats
  9 giant cockroaches
  11 goblins
  4 hobgoblins
  10 kobolds
  4 quokkas
  6 frilled lizards
  A giant cockroach zombie (D:5)
  A quokka skeleton (D:4)
  8 rats
143 creatures vanquished.

Notes
Turn   | Place    | Note
-------+----------+-------------------------------------------
     0 | D:1      | Amaterasu the Gargoyle Fighter began the quest for the Orb.
     0 | D:1      | Reached XP level 1. HP: 14/14 MP: 1/1
   200 | D:1      | Reached XP level 2. HP: 19/20 MP: 2/2
   373 | D:1      | Reached skill level 2 in Axes
   931 | D:2      | Reached XP level 3. HP: 20/24 MP: 3/3
  1088 | D:2      | Found a snail-covered altar of Cheibriados.
  1153 | D:2      | Found a shimmering altar of Xom.
  1322 | D:2      | Reached XP level 4. HP: 28/30 MP: 4/4
  1576 | D:2      | Noticed Jessica
  1588 | D:2      | Killed Jessica
  1589 | D:2      | Reached skill level 3 in Axes
  1800 | D:3      | Reached XP level 5. HP: 34/34 MP: 5/5
  1840 | D:3      | Reached skill level 5 in Fighting
  1844 | D:3      | Found a hide-covered altar of Uskayaw.
  1859 | D:3      | Became a worshipper of Uskayaw the Reveller
  1934 | D:3      | Reached * piety under Uskayaw
  2026 | D:3      | Found a glowing silver altar of Zin.
  2068 | D:3      | Found a stormy altar of Qazlal.
  2097 | D:3      | Reached ** piety under Uskayaw
  2136 | D:3      | Found a glowing drain.
  2140 | Sewer    | Entered a sewer
  2169 | Sewer    | Noticed a water moccasin
  2178 | Sewer    | Killed a water moccasin
  2179 | Sewer    | Reached skill level 4 in Axes
  2179 | Sewer    | Reached skill level 1 in Invocations
  2179 | Sewer    | Reached XP level 6. HP: 37/40 MP: 5/7
  2747 | D:4      | Reached skill level 5 in Axes
  2779 | D:4      | Found a shadowy altar of Dithmenos.
  2789 | D:4      | Reached *** piety under Uskayaw
  2791 | D:4      | Reached **** piety under Uskayaw
  2797 | D:4      | Reached XP level 7. HP: 29/44 MP: 7/9
  3315 | D:5      | Entered Level 5 of the Dungeon
  3364 | D:5      | Found a sand-covered staircase.
  3369 | Ossuary  | Entered an ossuary
  3395 | Ossuary  | Reached ***** piety under Uskayaw
  3431 | Ossuary  | Reached XP level 8. HP: 36/49 MP: 11/11
  3445 | Ossuary  | Reached skill level 5 in Invocations
  3512 | Ossuary  | Reached skill level 6 in Axes
  3599 | D:5      | Found a bloodstained altar of Trog.
  3636 | D:5      | Found a sacrificial altar of Ru.
  3729 | D:5      | Found a broken altar of Ashenzari.
  4059 | D:5      | Found a staircase to the Ecumenical Temple.
  4090 | D:5      | Noticed Sigmund
  4116 | D:5      | Killed Sigmund
  4117 | D:5      | Reached skill level 7 in Axes
  4187 | D:5      | Reached skill level 5 in Shields
  4389 | D:5      | Reached skill level 5 in Armour
  4721 | D:6      | Reached XP level 9. HP: 19/55 MP: 12/12
  4738 | D:6      | Slain by an orc warrior

Illustrated notes

Levels and vault maps discovered:
D:1:      elethiomel_arrival_shortcut, layout_loops_corners,
          minmay_misc_feat_enclosed
D:2:      layout_basic, kennysheep_slug_shrine, lemuel_crystal_altar,
          uniq_jessica
D:3:      corexii_shack_village, layout_basic, nicolae_overflow_hidden_temple,
          lemuel_doored_altar, overflow_temple_1_default, gup_sewer_entry_spiral
D:4:      layout_loops_ring, grunt_dithmenos_smoke, glass_columns_b
D:5:      layout_layer_cave, bloody_trog, nicolae_ru_awakened_eye,
          overflow_temple_1_default, temple_doors_e, enter_ossuary_2,
          uniq_sigmund
D:6:      layout_rooms, basic_altar, uniq_grinder

Skill      XL: |  1  2  3  4  5  6  7  8 |
---------------+-------------------------+-----
Fighting       | 4 5 6 |  6.0
Axes           | 2 3 4 5 7 |  7.1
Invocations    | 1 3 4 5 |  5.0
Shields        | 5 |  5.0
Armour         | 5 |  5.0

Action                   |  1- 3 |  4- 6 |  7- 9 || total
-------------------------+-------+-------+-------++-------
Melee: War axe           |   111 |   197 |   289 ||   597
  Use: Scroll            |     3 |     3 |    11 ||    17
       Potion            |       |       |     1 ||     1
 Stab: Paralysed         |       |     2 |    17 ||    19
Armor: Scale mail        |    73 |   110 |   145 ||   328
       Plate armour      |       |       |     5 ||     5
       Skin              |       |       |     2 ||     2
Dodge: Dodged            |    43 |    57 |    52 ||   152
Block: Kite shield       |    58 |   120 |   125 ||   303
       Tower shield      |       |       |    55 ||    55
